 Dungeon Crawl Stone Soup version 0.30-a0-1163-gf69bf04e7a (webtiles) character file.

Game seed: 2466074395256441450

70 Esekla the Sneak (level 4, -3/31 HPs)
             Began as an Octopode Delver on Apr 29, 2023.
             Slain by a gnoll bouda
             ... wielding a +0 club
              (5 damage)
             ... on level 5 of the Dungeon.
             The game lasted 00:02:14 (189 turns).

Esekla the Sneak (Octopode Delver)                   Turns: 189, Time: 00:02:15

Health: -3/31      AC:  1    Str: 11    XL:     4   Next: 21%
Magic:  5/5        EV: 13    Int: 14    God:
Gold:   19         SH:  0    Dex: 13    Spells: 4/4 levels left

rFire   . . .        a - +0 falchion
rCold   . . .        (no shield)
rNeg    . . .        (helmet restricted)
rPois   .            (no amulet)
rElec   .            (no ring)
rCorr   .            (no ring)
SInv    .            (no ring)
Will    .....        (no ring)
Stlth   +++++        (no ring)
HPRegen 0.25/turn    (no ring)
MPRegen 0.09/turn    (no ring)
                     (no ring)

%: no passive effects
@: weakened
A: almost no armour, amphibious, 8 rings, camouflage 1, gelatinous body 1,
(nimble swimmer 1), tentacles
a: no special abilities


You were on level 5 of the Dungeon.
You visited 1 branch of the dungeon, and saw 1 of its levels.

You collected 19 gold pieces.

Inventory:

Hand Weapons
 a - a +0 falchion (weapon)
Wands
 f - a wand of digging (3)
Scrolls
 b - a scroll of fog
 c - a scroll of magic mapping
 d - a scroll of fear
Potions
 e - a potion of haste
 g - a potion of resistance {unknown}
 h - a potion of brilliance {unknown}


   Skills:
 * Level 3.3 Fighting
 * Level 2.4 Long Blades
 * Level 2.3 Dodging
 + Level 7.7 Stealth
 * Level 0.7 Spellcasting


You had 4 spell levels left.
You didn't know any spells.
Your spell library was empty.

Dungeon Overview and Level Annotations

Branches:
Dungeon (5/15)
 Temple: D:4-7

Altars:
Okawaru
Sif Muna


Innate Abilities, Weirdness & Mutations

You cannot wear most types of armour.
You are amphibious.
You can wear up to eight rings at the same time.
Your skin changes colour to match your surroundings (Stealth+).
Your rubbery body absorbs attacks. (AC +1, EV +1)
((You are camouflaged when in or above water. (Stealth+)))
You have tentacles for arms and can constrict up to eight enemies at once.


Message History

Your experience leads to an increase in your attributes!
Increase (S)trength, (I)ntelligence, or (D)exterity?
You feel clever. x2
You have reached level 4!
Found a stone staircase leading down.
The gnoll bouda gazes fiercely through you!
You feel your attacks grow feeble.
Your attacks no longer feel as feeble.
The gnoll bouda gazes fiercely through you!
You feel your attacks grow feeble.
The gnoll bouda gazes fiercely through you!
You feel as though you will be weak longer.
The gnoll bouda gazes fiercely through you!
You feel as though you will be weak longer.
Okay, then.
Your attacks no longer feel as feeble.
You hit the gnoll bouda but do no damage.
Your grab misses the gnoll bouda.
The gnoll bouda hits you with a +0 club.
You hit the gnoll bouda but do no damage.
Your grab misses the gnoll bouda.
The gnoll bouda gazes fiercely through you!
You feel your attacks grow feeble.
The gnoll bouda hits you with a +0 club! x2
* * * LOW HITPOINT WARNING * * *
You hit the gnoll bouda. You grab the gnoll bouda.
The gnoll bouda is moderately wounded.
You constrict the gnoll bouda, but do no damage.
The gnoll bouda closely misses you.
You hit the gnoll bouda but do no damage.
You squeeze the gnoll bouda.
The gnoll bouda is heavily wounded.
You constrict the gnoll bouda.
The gnoll bouda hits you with a +0 club!
* * * LOW HITPOINT WARNING * * *
You hit the gnoll bouda.
The gnoll bouda is almost dead.
You constrict the gnoll bouda, but do no damage.
The gnoll bouda hits you with a +0 club.
You die...

#g# #.
#.# #.#
#g######
..#####
#..h...+
#..S...
####.#.+
#.# # #g#
#.#####
#.#
#.##...
#.######
#.##.#.
#..hg@.#
#.##.#.
########
#......
####.##
#...#
##.###
##.#.# #
##.###.##
#.## ###.
##.###.##


You could see a black bear and a gnoll bouda.

Vanquished Creatures
  A scorpion (D:5)
  An adder (D:5)
2 creatures vanquished.

Notes
Turn   | Place    | Note
-------+----------+-------------------------------------------
     0 | D:5      | Esekla the Octopode Delver began the quest for the Orb.
     0 | D:5      | Reached XP level 1. HP: 16/16 MP: 1/1
    28 | D:5      | Noticed an ogre
    65 | D:5      | Noticed a black bear
    87 | D:5      | Found a shimmering blue altar of Sif Muna.
    88 | D:5      | Found an iron altar of Okawaru.
   110 | D:5      | Noticed a black bear
   111 | D:5      | Noticed a scorpion
   116 | D:5      | Noticed a gnoll bouda
   119 | D:5      | Noticed a scorpion
   122 | D:5      | Reached skill level 7 in Stealth
   122 | D:5      | Reached XP level 2. HP: 15/21 MP: 2/2
   136 | D:5      | Killed a scorpion
   137 | D:5      | Reached XP level 3. HP: 21/26 MP: 2/4
   137 | D:5      | Reached XP level 4. HP: 25/31 MP: 2/5
   188 | D:5      | HP: 1/31 [gnoll bouda/+0 club (8)]
   189 | D:5      | Slain by a gnoll bouda

Illustrated notes

Levels and vault maps discovered:
D:5:      layout_loops_cross, gammafunk_temple_overflow_statue, st_stairs_9,
          nicolae_wooded_promenade, kennysheep_generic_room_15

Skill      XL: |  1 |
---------------+----+-----
Stealth        | 7 |  7.7
Fighting       | |  3.3
Long Blades    | |  2.4
Dodging        | |  2.3
Spellcasting   | |  0.7

Action                     |  1- 3 |  4- 6 || total
---------------------------+-------+-------++-------
  Melee: Falchion          |     8 |     5 ||    13
         Constrict         |     2 |     1 ||     3
         Tentacles         |     1 |     1 ||     2
    Use: Scroll            |     1 |       ||     1
  Dodge: Dodged            |     7 |     1 ||     8

Table legend: (Time is in decaauts)
 A = Elapsed time spent in this place.
 B = Non-inter-level travel time spent in this place.
 C = Inter-level travel time spent in this place.
 D = Time resting spent in this place.
 E = Time spent auto-exploring this place.
 F = Levels seen in this place.
 G = Mean time per level.
                   A        B        C        D        E       F      G
               +--------+--------+--------+--------+--------+-----+--------+
         Total |    191 |    191 |      0 |      0 |      0 |   1 |  191.0 |
       Dungeon |    191 |    191 |      0 |      0 |      0 |   1 |  191.0 |
               +--------+--------+--------+--------+--------+-----+--------+

Top non-repeatable levels by time:
     D:5: 191 daAuts
